Map: 10000 Feet LE

Players

Priv - Winner!

  • Race: Terran Terran
  • Spawn Location: 5:00

VOD

Have the link to the VOD?

Description

Time

  • Played on: Sept. 19, 2026, 2:11 a.m.
  • Length: 22:11
Show
View Real Time Build Order
Export as new Build Order

Priv Terran - Winner!

Build Orders:  

Get SALT Encoding   

  8  0:00  SCV  
  9  0:17  SCV  
  10  0:34  SCV  
  11  0:40  Supply Depot  
  11  0:51  SCV  
  12  1:08  SCV  
  13  1:21  Barracks  
  13  1:26  SCV  
  14  1:36  Refinery  
  14  1:49  SCV  
  15  2:00  Supply Depot  
  15  2:12  SCV  
  16  2:30  Supply Depot  
  16  2:35  Marine  
  16  2:39  Refinery  
  17  2:45  SCV  
  18  2:54  Supply Depot  
  18  3:00  Marine  
  18  3:07  SCV  
  20  3:24  SCV  
  21  3:35  Marine  
  22  3:41  Factory  
  22  3:54  SCV  
  23  4:07  Reaper  
  24  4:11  SCV  
  25  4:25  Engineering Bay  
  25  4:39  Barracks  
  25  4:43  Factory Tech Lab  
  25  4:47  Marine  
  26  4:56  SCV  
  27  5:27  Siege Tank  
  30  5:32  Barracks Tech Lab  
  30  5:43  Command Center  
  30  5:59  Barracks Reactor  
  30  6:03  Unknown  
  30  6:11  SCV  
  31  6:22  Siege Tank  
  34  6:41  Supply Depot  
  34  6:52  Orbital Command  
  34  7:00  Marine x2  
  36  7:21  Starport  
  36  7:22  Stimpack  
  36  7:42  Marine  
  36  7:46  Factory  
  36  7:49  SCV  
  38  7:52  Marine  
  39  8:01  SCV  
  39  8:09  Refinery  
  40  8:24  SCV  
  40  8:26  Siege Tank  
  44  8:30  Starport Tech Lab  
  44  8:34  SCV  
  45  8:45  Infernal Pre-Igniter  
  45  8:46  Refinery  
  45  8:52  Marauder  
  45  8:58  SCV  
  48  9:02  Factory Tech Lab  
  48  9:11  Siege Tank  
  48  9:15  SCV  
  48  9:16  Medivac  
  54  9:22  Supply Depot  
  54  9:32  SCV  
  55  9:48  Terran Infantry Weapons Level 1  
  55  9:56  Armory  
  55  9:57  Supply Depot  
  55  10:02  Medivac  
  55  10:04  Marine x2  
  59  10:12  Concussive Shells  
  56  10:23  Widow Mine, Orbital Command  
  56  10:26  Marauder  
  56  10:29  Marine  
  59  10:39  SCV  
  62  10:49  Siege Tank  
  65  10:56  Marauder, SCV  
  71  11:15  Siege Tank  
  74  11:20  Barracks  
  74  11:28  Starport  
  74  11:35  Marine x2  
  76  11:50  Widow Mine  
  76  11:56  Unknown  
  76  11:58  Command Center  
  76  12:00  SCV  
  76  12:04  Siege Tank  
  82  12:15  Marine x2  
  82  12:17  SCV, Supply Depot  
  85  12:20  Supply Depot  
  85  12:24  Terran Vehicle Weapons Level 1  
  85  12:31  Starport Tech Lab  
  85  12:34  SCV  
  86  13:14  Viking  
  86  13:15  Banshee  
  86  13:19  SCV  
  92  13:26  Barracks Reactor  
  92  13:27  Marauder  
  94  13:33  Drilling Claws  
  94  13:35  Hellion  
  96  13:53  Barracks  
  96  13:55  SCV  
  96  13:56  Viking  
  99  14:12  SCV  
  99  14:15  Banshee  
  103  14:20  Marine x2  
  103  14:21  Marauder  
  103  14:22  Marine x2  
  103  14:24  Siege Tank  
  103  14:29  SCV  
  113  14:46  SCV  
  114  14:51  SCV  
  114  14:56  Siege Tank  
  118  15:03  SCV  
  119  15:23  Barracks Tech Lab  
  119  15:27  Supply Depot  
  119  15:48  SCV x2  
  119  15:54  Siege Tank  
  119  15:57  Viking, Siege Tank, Banshee  
  127  16:05  SCV  
  126  16:22  SCV, Planetary Fortress  
  127  16:41  Marauder, Marine x4, Viking  
  127  16:45  SCV, Marauder  
  127  16:47  Supply Depot  
  138  16:52  Supply Depot x2  
  138  17:06  Marine x4  
  142  17:11  Marauder  
  142  17:14  Marauder  
  146  17:21  Refinery  
  146  17:24  Refinery  
  146  17:31  Marine x4  
  150  17:41  Marine  
  150  17:44  Marauder  
  153  17:56  Command Center, Marine x4  
  157  18:00  Terran Infantry Armor Level 1  
  157  18:05  Viking  
  157  18:06  Marine  
  160  18:14  Marine  
  161  18:21  Marine x4  
  161  18:27  Siege Tank  
  168  18:31  Marine  
  168  18:35  Medivac  
  168  18:39  Marine  
  172  18:46  Marine x3, Siege Tank  
  172  18:48  Siege Tank  
  175  19:14  Supply Depot  
  175  19:18  Supply Depot  
  175  19:35  Siege Tank  
  175  19:36  Marine x4  
  179  19:45  SCV  
  179  19:49  Supply Depot  
  180  19:51  Supply Depot  
  180  19:57  Refinery  
  180  19:58  Siege Tank  
  180  20:02  SCV  
  180  20:04  Refinery  
  179  20:17  Viking x2  
  183  20:22  Supply Depot  
  183  20:24  Marine x2  
  183  20:25  Marauder x2, Marine x2  
  183  20:26  Supply Depot  
  191  20:39  Siege Tank x2  
  197  20:49  Marine  
  198  20:50  Marine  
  198  20:55  Marauder  
  193  21:23  Siege Tank  
  193  21:25  Marauder  
  198  21:45  SCV  
Tags
 
Add a new tag
Caveats
  • Supply blocks, unpowered buildings, or Contaminate may cause inaccurate times.
  • Supply counts are checked every 10 seconds.